 Dungeon Crawl Stone Soup version 0.28.0-47-ge53b351184 (webtiles) character file.

Game seed: 79923628116192950

6320 CryoSword the Warrior (level 10, -10/196 HPs)
             Began as an Ogre Berserker on Apr 27, 2022.
             Was an Elder of Trog.
             Mangled by an orc warrior
             ... wielding a +0 hand axe
              (17 damage)
             ... in a bailey.
             The game lasted 00:15:15 (9416 turns).

CryoSword the Warrior (Ogre Berserker)              Turns: 9416, Time: 00:15:16

Health: -10/196    AC:  9    Str: 29    XL:     10   Next: 95%
Magic:  10/10      EV:  8    Int:  8    God:    Trog [****..]
Gold:   423        SH:  6    Dex: 12    Spells: 9/9 levels left

rFire   + . .      SeeInvis +   w - +11 flail of Fuajufadgh {speed, rF+}
rCold   . . .      Faith    .   H - +0 kite shield
rNeg    . . .      Spirit   .   x - +0 steam dragon scales
rPois   .          Reflect  .   (helmet restricted)
rElec   .          Harm     .   G - +2 cloak {rCorr}
rCorr   +          Rampage  .   (gloves unavailable)
Will    +++..                   (boots unavailable)
Stlth   ..........              (no amulet)
HPRegen 1.42/turn               m - ring of see invisible
MPRegen 0.12/turn               l - +6 ring of strength

@: berserking, strong-willed, regenerating, very quick
A: large, unfitting armour, tough skin 1
a: Renounce Religion, Berserk, Trog's Hand, Brothers in Arms


You were in a bailey.
You worshipped Trog.
Trog was greatly pleased with you.
You visited 1 branch of the dungeon, and saw 8 of its levels.
You visited the Abyss 1 time.
You also visited: Bailey.

You collected 544 gold pieces.
You spent 121 gold pieces at shops.

Inventory:

Hand Weapons
 a - a +0 giant spiked club of protection
   (You took it off an ogre on level 5 of the Dungeon)
 w - the +11 flail of Fuajufadgh (weapon) {speed, rF+}
   (You found it on level 4 of the Dungeon)

   Attacks with this weapon are significantly faster.
   rF:        It protects you from fire.
Missiles
 v - a silver boomerang (quivered)
 z - 5 boomerangs
 I - 6 atropa-tipped darts
Armour
 x - +0 steam dragon scales (worn)
   (You took it off Maggie on level 7 of the Dungeon)
 G - a +2 cloak of preservation (worn)
   (You found it on level 7 of the Dungeon)
 H - a +0 kite shield (worn)
   (You took it off a gnoll sergeant on level 7 of the Dungeon)
Jewellery
 b - a ring of resist corrosion
   (You found it on level 7 of the Dungeon)
 g - a ring of positive energy
   (You found it on level 2 of the Dungeon)
 l - a +6 ring of strength (right hand)
   (You took it off a goblin on level 2 of the Dungeon)
 m - a ring of see invisible (left hand)
   (You found it on level 2 of the Dungeon)
 t - a ring of ice
   (You found it on level 4 of the Dungeon)
 u - a ring of ice
   (You found it on level 4 of the Dungeon)
 y - a +4 ring of evasion
   (You found it on level 7 of the Dungeon)
Scrolls
 c - 3 scrolls of teleportation {@r4}
 d - a scroll of fog {unknown}
 e - 2 scrolls of enchant weapon {unknown}
 h - 2 scrolls of identify {unknown}
 k - 5 scrolls of magic mapping
 n - 2 scrolls of vulnerability {unknown}
 p - 2 scrolls of fear {unknown}
 C - a scroll of brand weapon
 D - a scroll of immolation {unknown}
 E - 2 scrolls of blinking {unknown}
 J - a scroll of torment {unknown}
 K - a scroll of noise {unknown}
 L - a scroll of acquirement
 M - 2 scrolls of enchant armour {unknown}
Potions
 f - 2 potions of attraction {unknown}
 i - a potion of brilliance {unknown}
 j - a potion of mutation {unknown}
 o - 10 potions of curing {unknown}
 q - 2 potions of flight {unknown}
 r - 2 potions of heal wounds {unknown}
 s - 2 potions of lignification {!q}
 A - a potion of magic {unknown}
 B - 2 potions of haste {@q3}
 F - a potion of resistance {unknown}


   Skills:
 * Level 17.1 Fighting
 + Level 9.1 Maces & Flails
 - Level 2.6 Dodging


You had 9 spell levels left.
You didn't know any spells.
Your spell library was empty.

Dungeon Overview and Level Annotations

Branches:
Dungeon (8/15)             Temple (0/1) D:5          Bailey (1/1)
   Lair: D:8-11

Altars:
Dithmenos
Elyvilon
Sif Muna
Uskayaw
Wu Jian

Shops:
D:6 ([*


Innate Abilities, Weirdness & Mutations

You are too large for most types of armour.
You have tough skin. (AC +1)


Message History

The orc warrior drinks a potion.
The orc warrior seems to speed up.
Things that are here:
a +0 hand axe; a +0 leather armour A red film seems to cover your vision as you go berserk!
You feel yourself moving faster!
You feel mighty!
The orc warrior hits you with a +0 battleaxe! x2
You sock the orc warrior! The orc warrior barely misses you.
You closely miss the orc warrior. You sock the orc warrior!
You kill the orc warrior!
Trog accepts your kill.
You feel a strong urge to attack something.
There is an open door, spattered with blood here.
Items here: )) [[ †.
You feel your anger nearly subside.
You are no longer berserk.
You are exhausted.
You feel yourself slow down.
There is an open gate here.
Things that are here:
a +0 broad axe; a +0 plate armour
Things that are here:
a +0 hand axe; a +0 leather armour
There is a gate leading back out of this place here.
You start resting.
You feel yourself speed up.
You start resting.
You recover from your berserk rage.
You start resting.
Items here: )) [[ ÷.
Things that are here:
a +0 broad axe; a +0 plate armour
Items here: )) [[.
Things that are here:
a +0 hand axe; a +0 leather armour
Items here: )) [[.
There is an open gate here.
Things that are here:
a +0 hand axe; a +0 leather armour
There is an open door, spattered with blood here.
Items here: )) [[ †.
Things that are here:
a +0 hand axe; a +0 leather armour
E - 2 scrolls labelled SETIAG ZIS NOS (gained 1)
You now have 423 gold pieces (gained 64).
Things that are here:
a +0 battleaxe; a +0 chain mail
Things that are here:
a +0 hand axe; a +0 leather armour
There is an open door here.
A gnoll is nearby!
The gnoll shouts!
You hear a shout! x4
Found three items.
Found a gate leading back out of this place.
There is an open door here.
An orc warrior comes into view. It is wielding a +0 war axe.
The orc warrior shouts!
The gnoll hits you with a +0 hand axe.
You sock the gnoll! You block the gnoll's attack.
An orc warrior comes into view. It is wielding a +0 hand axe.
A hobgoblin comes into view. It is wielding a +0 hand axe.
An orc warrior comes into view. It is wielding a +0 hand axe.
The orc warrior shouts!
The hobgoblin shouts!
You sock the gnoll!
You kill the gnoll!
Trog accepts your kill.
A hobgoblin comes into view. It is wielding a +0 hand axe.
The hobgoblin shouts!
You hear a shout!
An orc warrior comes into view. It is wielding a +0 war axe.
An orc warlord comes into view. It is wielding a +0 great mace.
An orc knight comes into view. It is wielding a +0 battleaxe.
Unknown command.
The orc warlord roars a battlecry!
The orcs go into a battle-frenzy!
You hear a shout!
There is an open door here.
The orc warrior hits you with a +0 war axe!!
The orc warlord roars a battlecry!
There is an open door here.
The orc warrior no longer looks unusually strong.
Things that are here:
a +0 hand axe; a +0 leather armour The orc warrior no longer looks unusually strong.
There is an open door, spattered with blood here.
Items here: )) [[ †.
There is an open gate here.
Things that are here:
a +0 hand axe; a +0 leather armour
Items here: ))) [[[.
Your skin crawls.
You feel strong-willed.
The orc warrior hits you with a +0 war axe!
You sock the orc warrior!
The orc warrior hits you with a +0 war axe!
You barely miss the orc warrior. You block the orc warrior's attack.
You sock the orc warrior!
The orc warrior hits you but does no damage.
You sock the orc warrior!
The orc warrior hits you with a +0 war axe!
You bludgeon the orc warrior!!
You kill the orc warrior!
Trog accepts your kill.
The orc warrior hits you with a +0 war axe!
You sock the orc warrior!
The orc warrior hits you with a +0 war axe!
You barely miss the orc warrior.
The orc warlord roars a battlecry!
The orc warrior goes into a battle-frenzy!
You sock the orc warrior! You block the orc warrior's attack.
A red film seems to cover your vision as you go berserk!
You feel yourself moving faster!
You feel mighty!
The orc warrior hits you with a +0 war axe!!
* * * LOW HITPOINT WARNING * * *
You sock the orc warrior!
You feel the power of Trog in you as your rage grows.
You kill the orc warrior!
Trog accepts your kill.
You hit the orc warlord but do no damage.
The orc warlord hits you with a +0 great mace!!
* * * LOW HITPOINT WARNING * * *
You sock the orc warlord! You block the orc warrior's attack.
You sock the orc warlord!
The orc warlord hits you with a +0 great mace.
* * * LOW HITPOINT WARNING * * *
You bludgeon the orc warlord!! You block the orc warrior's attack.
You block the orc warlord's attack.
You hit the orc warlord. The orc warrior misses you.
You completely miss the orc warlord.
The orc warlord hits you with a +0 great mace!!
* * * LOW HITPOINT WARNING * * *
You thump the orc warlord!
The hobgoblin hits you but does no damage.
You bludgeon the orc warlord!!
The orc warrior hits you with a +0 hand axe!
* * * LOW HITPOINT WARNING * * *
The orc warlord hits you with a +0 great mace!
* * * LOW HITPOINT WARNING * * *
You sock the orc warlord!
The hobgoblin hits you but does no damage.
The orc warrior hits you with a +0 hand axe!
* * * LOW HITPOINT WARNING * * *
You bludgeon the orc warlord!!
You kill the orc warlord!
Trog accepts your kill.
You feel your intelligence returning.
You feel your dexterity returning.
Your Fighting skill increases to level 17!
Your Maces & Flails skill increases to level 9!
You hit the orc warrior. The hobgoblin closely misses you.
The orc warrior hits you with a +0 hand axe!
You die...

♣♣♣ ♣♣♣.♣♣♣♣ ♣♣......♣♣♣♣
♣♣...)....).♣ ♣.....∩...))♣
♣♣.......)).♣ ♣....∩....♣♣
♣...)..g).♣ ♣.)).))o@♣♣
♣♣##'')##♣ ##.)...##
#.......# ##.))...o##
#.....)...# ##.........##
#######..)..⌠.....#######
##.....##.........##.....##


You could see an orc warrior (strong) and a hobgoblin.

Vanquished Creatures
  An orc warlord (Bailey)
  An orc knight (Bailey)
  Joseph (D:7)
  Maggie (D:7)
  Grinder (D:4)
  4 yaks (D:6)
  Edmund (D:6)
  A water moccasin (D:7)
  2 ice beasts
  12 orc warriors (Bailey)
  A sky beast (D:5)
  2 black bears
  A necrophage (D:7)
  2 ogres (D:5)
  3 centaurs
  2 bullfrogs
  A gnoll sergeant (D:7)
  2 scorpions
  A water moccasin zombie (D:5)
  2 wyvern skeletons (D:6)
  5 killer bees (D:8)
  A bullfrog zombie (D:6)
  A centaur zombie (D:8)
  A hound (D:6)
  2 jellies
  2 bullfrog skeletons (D:5)
  An orc priest (D:7)
  3 iguanas
  A scorpion zombie (D:5)
  An orc wizard (D:7)
  A hound zombie (D:5)
  16 gnolls
  3 adders
  A howler monkey skeleton (D:6)
  A shadow imp (D:8)
  2 white imps
  An ufetubus (D:6)
  An adder skeleton (D:2)
  3 worms
  A dart slug (D:3)
  22 orcs
  6 bats
  9 endoplasms
  9 giant cockroaches
  21 goblins
  12 hobgoblins
  13 jackals
  A quokka (D:4)
  11 ball pythons
  9 frilled lizards
  4 kobolds
  6 rats
213 creatures vanquished.

Notes
Turn   | Place    | Note
-------+----------+-------------------------------------------
     0 | D:1      | CryoSword the Ogre Berserker began the quest for the Orb.
     0 | D:1      | Reached XP level 1. HP: 24/24 MP: 1/1
   226 | D:1      | Reached XP level 2. HP: 33/33 MP: 2/2
   588 | D:1      | Reached skill level 5 in Fighting
   588 | D:1      | Reached XP level 3. HP: 42/42 MP: 3/3
  1149 | D:2      | Reached ** piety under Trog
  1175 | D:2      | Reached XP level 4. HP: 25/52 MP: 4/4
  1768 | D:2      | Reached skill level 6 in Fighting
  2055 | D:2      | Reached XP level 5. HP: 61/61 MP: 5/5
  2200 | D:3      | Found a faded altar of an unknown god.
  2442 | D:3      | Identified the +11 spear of Uveth {venom, *Slow Str+3
                  | Dex+2}
  2757 | D:3      | Found a shadowy altar of Dithmenos.
  2902 | D:4      | Found a shimmering blue altar of Sif Muna.
  2905 | D:4      | Reached skill level 7 in Fighting
  3006 | D:4      | Noticed Grinder
  3032 | D:4      | Killed Grinder
  3033 | D:4      | Reached skill level 8 in Fighting
  3033 | D:4      | Reached XP level 6. HP: 72/72 MP: 6/6
  3138 | D:4      | Identified the +11 flail of Fuajufadgh {speed, rF+}
  3331 | D:4      | Reached XP level 7. HP: 81/81 MP: 7/7
  3343 | D:4      | Reached *** piety under Trog
  3414 | D:5      | Entered Level 5 of the Dungeon
  3499 | D:5      | Found a staircase to the Ecumenical Temple.
  3801 | D:5      | Reached skill level 9 in Fighting
  4079 | D:5      | Reached skill level 5 in Maces & Flails
  4237 | D:5      | Reached skill level 10 in Fighting
  4516 | D:5      | Reached XP level 8. HP: 85/94 MP: 8/8
  4989 | D:6      | Reached skill level 11 in Fighting
  5105 | D:6      | Noticed Edmund
  5114 | D:6      | Killed Edmund
  5254 | D:6      | Noticed a yak
  5255 | D:6      | Noticed a yak
  5255 | D:6      | Noticed a yak
  5259 | D:6      | Noticed a yak
  5263 | D:6      | Found Juhecosun's Antique Weapon Shoppe.
  5307 | D:6      | Killed a yak
  5308 | D:6      | Reached skill level 12 in Fighting
  5321 | D:6      | Killed a yak
  5322 | D:6      | Reached XP level 9. HP: 103/107 MP: 9/9
  5502 | D:6      | Reached skill level 13 in Fighting
  5617 | D:6      | Found Oskask's Antique Armour Emporium.
  5661 | D:6      | Found Baubomeh's Assorted Antiques.
  5722 | D:6      | Reached **** piety under Trog
  5731 | D:6      | Bought a smoky puce potion for 29 gold pieces
  5731 | D:6      | Bought 2 metallic emerald potions for 59 gold pieces
  5731 | D:6      | Bought a scroll labelled SETIAG ZIS NOS for 33 gold pieces
  5998 | D:7      | Noticed Joseph
  6006 | D:7      | Killed Joseph
  6186 | D:7      | Reached skill level 14 in Fighting
  6444 | D:7      | Found a hide-covered altar of Uskayaw.
  7098 | D:7      | Noticed Maggie
  7122 | D:7      | Cast into level 1 of the Abyss (Maggie)
  7154 | D:7      | Escaped the Abyss
  7181 | D:7      | Killed Maggie
  7182 | D:7      | Reached skill level 15 in Fighting
  7182 | D:7      | Reached XP level 10. HP: 124/124 MP: 10/10
  7569 | D:7      | Found a white marble altar of Elyvilon.
  7569 | D:7      | Found an ornate altar of the Wu Jian Council.
  8014 | D:8      | Found a flagged portal.
  8047 | Bailey   | Entered a bailey
  8556 | Bailey   | Noticed an orc knight
  8807 | Bailey   | Killed an orc knight
  8808 | Bailey   | Reached skill level 16 in Fighting
  9359 | Bailey   | Noticed an orc warlord
  9360 | Bailey   | Noticed an orc knight
  9414 | Bailey   | HP: 5/192 [orc warrior/+0 hand axe (10)]
  9415 | Bailey   | Killed an orc warlord
  9416 | Bailey   | Reached skill level 17 in Fighting
  9416 | Bailey   | Mangled by an orc warrior

Illustrated notes

Levels and vault maps discovered:
D:1:      lemuel_arrival_behind_the_door_small, layout_loops_ring
D:2:      layout_loops_cross, grunt_ministairs_10
D:3:      layout_basic, mainiacjoe_overflow_cross_hatched,
          shapermc_ecumenical_altar_gd, grunt_decor_mini_mirrors
D:4:      layout_gridville, general_overflow_altar, uniq_grinder
D:5:      layout_rooms, minmay_temple_entry_arrows, serial_co_window_serial,
          co_window_corner_a, co_window_corner_a, co_window_paths_a,
          co_window_corner_a, co_window_corner_a, co_window_corner_ca,
          co_window_broadway_c, co_window_broadway_a, grunt_decor_arrowhead,
          feat_on_display
D:6:      layout_loops_ring, serial_shops, nicolae_shop_waterfront, shop,
          kennysheep_little_box, uniq_edmund
D:7:      layout_basic, eat_drink_and_be_merry_uskayaw,
          gammafunk_temple_overflow_pools, uniq_joseph, uniq_maggie
D:8:      layout_basic, nicolae_ossuary_entry_monument, enter_bailey_2,
          serial_shops, shop
Bailey:   bailey_axe_minmay_hex_keep, bailey

Skill      XL: |  1  2  3  4  5  6  7  8  9 10 |
---------------+-------------------------------+-----
Fighting       | 5 6 8 10 12 15 17 | 17.1
Maces & Flails | 3 4 5 6 7 9 |  9.1
Dodging        | |  2.6

Action                   |  1- 3 |  4- 6 |  7- 9 | 10-12 || total
-------------------------+-------+-------+-------+-------++-------
Melee: Mace              |    44 |       |       |       ||    44
       Dagger            |    48 |   102 |       |       ||   150
       Whip              |    32 |       |       |       ||    32
       Punch             |     1 |     1 |     1 |       ||     3
       Morningstar       |       |    27 |       |       ||    27
       Flail             |       |    19 |   174 |   151 ||   344
Throw: Throwing net      |       |       |     2 |       ||     2
       Boomerang         |       |       |     2 |       ||     2
Invok: Berserk           |     4 |     2 |     5 |     5 ||    16
       Trog's Hand       |       |     1 |     5 |     2 ||     8
Evoke: Wand              |       |       |    15 |       ||    15
  Use: Scroll            |       |       |     5 |       ||     5
       Potion            |       |       |     2 |       ||     2
 Stab: Sleeping          |     1 |       |     1 |       ||     2
Armor: Animal skin       |    48 |    33 |     9 |       ||    90
       Skin              |       |       |     1 |       ||     1
       Steam dragon scal |       |       |       |    35 ||    35
Dodge: Dodged            |    84 |    73 |    69 |    29 ||   255
Block: Kite shield       |       |       |     6 |    34 ||    40
